 Dungeon Crawl Stone Soup version 0.26.0-11-g8f856b5395 (webtiles) character file.

Game seed: 6390312720190084334

1230290 ythm the Bringer of Light (level 27, 0/174 HPs)
             Began as a Vine Stalker Gladiator on Jan 14, 2021.
             Was the Champion of the Shining One.
             Killed by divine providence
             ... invoked by a royal mummy
              (12 damage)
             ... on level 3 of the Tomb of the Ancients on Jan 15, 2021.
             The game lasted 04:28:13 (57608 turns).

ythm the Bringer of Light (Vine Stalker Gladiator) Turns: 57608, Time: 04:28:15

Health: 0/174      AC: 51    Str: 27 (34) XL:     27
Magic:  0/41       EV: 20    Int: 15      God:    the Shining One [******]
Gold:   1576       SH: 16    Dex: 27      Spells: 26/26 levels left

rFire    + + +     SeeInvis +   a - +7 executioner's axe of Zimula {speed, rElec Str+8 Dex+5}
rCold    + + +     Faith    .   (shield currently unavailable)
rNeg     + + +     Spirit   +   T - +12 gold dragon scales
rPois    +         Reflect  .   f - +1 hat {SInv}
rElec    +         Harm     .   c - +0 cloak of Lust {rPois Regen+ SInv} (curse)
rCorr    +         Rampage  .   r - +2 pair of gloves {Dex+3}
Will     ++++.     Rnd*Tele +   Q - +0 pair of boots of Happy Babbling {*Contam Regen+ Str+3 Slay+5}
Stlth    ..........             Y - amulet of Suqiudid {rC+ Regen+ Slay+3}
HPRegen  2.39/turn              V - ring of Maqati {Will+ Slay+4}
MPRegen  0.27/turn              y - ring of Entrepreneurial Spirit {rF+ rC+ EV+4 Str-4 Int+7}

@: mighty, lethally poisoned (0 -> -9), divine shield, resistant, hasted and
slowed, glowing
A: fangs 3, horns 1, repulsion field 1, slimy green scales 1, thin metallic
scales 1, cold resistance 1, deterioration 2, fire resistance 1, regeneration 2,
teleportitis 1, magic shield, antimagic bite, no potion heal 3
}: 14/15 runes: decaying, serpentine, slimy, silver, iron, obsidian, icy, bone,
abyssal, demonic, glowing, magical, fiery, dark
a: Renounce Religion, Divine Shield, Cleansing Flame, Summon Divine Warrior


You were on level 3 of the Tomb of the Ancients.
You worshipped the Shining One.
The Shining One was exalted by your worship.
You visited 18 branches of the dungeon, and saw 84 of its levels.
You visited Pandemonium 2 times, and saw 17 of its levels.
You visited the Abyss 3 times.
You also visited: Trove and Ice Cave.

You collected 7218 gold pieces.
You spent 5642 gold pieces at shops.

Inventory:

Hand Weapons
 a - the +7 executioner's axe of Zimula (weapon) {speed, rElec Str+8 Dex+5}
   (Okawaru gifted it to you on level 10 of the Dungeon)

   Attacks with this weapon are significantly faster.
   It affects your strength (+8).
   It affects your dexterity (+5).
   It insulates you from electricity.
Missiles
 d - 2 throwing nets (quivered)
Armour
 c - the cursed +0 cloak of Lust (worn) {rPois Regen+ SInv}
   (You found it on level 3 of the Vaults)

   It protects you from poison.
   It lets you see invisible.
   It increases your rate of regeneration.
   It has a curse placed upon it.
 f - a +1 hat of see invisible (worn)
 r - a +2 pair of gloves of dexterity (worn)
 Q - the +0 pair of boots of Happy Babbling (worn) {*Contam Regen+ Str+3 Slay+5}
   (You found it on level 3 of the Vaults)

   It affects your strength (+3).
   It affects your accuracy and damage with ranged weapons and melee attacks
   (+5).
   It causes magical contamination when unequipped.
   It increases your rate of regeneration.
 T - +12 gold dragon scales (worn)
Jewellery
 y - the ring of Entrepreneurial Spirit (right hand) {rF+ rC+ EV+4 Str-4 Int+7}
   (You took it off a deep elf annihilator on level 3 of the Elven Halls)

   [ring of evasion]

   It affects your evasion (+4).
   It affects your strength (-4).
   It affects your intelligence (+7).
   It protects you from fire.
   It protects you from cold.
 P - an uncursed ring of resist corrosion
 S - the ring "Cyxaj" {rElec Will+ Str+6 Dex+4 Stlth-}
   (You found it in a treasure trove)

   [ring of strength]

   It affects your strength (+6).
   It affects your dexterity (+4).
   It insulates you from electricity.
   It affects your willpower, your defense against some magical effects.
   It makes you less stealthy.
 V - the ring of Maqati (left hand) {Will+ Slay+4}
   (You took it off a deep elf high priest on level 5 of the Vaults)

   [ring of slaying]

   It affects your accuracy and damage with ranged weapons and melee attacks
   (+4).
   It affects your willpower, your defense against some magical effects.
 Y - the amulet of Suqiudid (around neck) {rC+ Regen+ Slay+3}
   (You found it in a treasure trove)

   [amulet of regeneration]

   It affects your accuracy and damage with ranged weapons and melee attacks
   (+3).
   It protects you from cold.
   It increases your rate of regeneration.
Wands
 q - a wand of iceblast (62)
 B - a wand of digging (24)
 D - a wand of acid (16)
Scrolls
 e - 23 scrolls of remove curse
 g - 14 scrolls of fear
 i - 2 scrolls of summoning
 j - 4 scrolls of blinking
 n - 4 scrolls of fog
 t - 3 scrolls of immolation
 w - a scroll of magic mapping
 x - 18 scrolls of teleportation
 I - a scroll of silence
 J - 2 scrolls of identify
 M - 4 scrolls of holy word
Potions
 h - 8 potions of flight
 l - 16 potions of cancellation
 m - 2 potions of might
 o - a potion of haste
 p - 6 potions of magic
 s - 10 potions of lignification
 u - 9 potions of brilliance
 v - 22 potions of curing
 C - 7 potions of attraction
 G - a potion of mutation
 O - 3 potions of resistance
 X - 5 potions of berserk rage
Miscellaneous
 b - a phantom mirror
 E - a box of beasts
 K - a tin of tremorstones (2/2)
 L - a lightning rod (4/4)
 N - a phial of floods


   Skills:
 O Level 27 Fighting
 - Level 26.0 Axes
 - Level 2.0 Throwing
 + Level 25.5 Armour
 - Level 8.0 Dodging
 O Level 27 Invocations
 - Level 12.0 Evocations


You had 26 spell levels left.
You didn't know any spells.
Your spell library contained the following spells:

 Spells                   Type           Power        Failure   Level
 Animate Skeleton         Necr           0%           88%         1
 Apportation              Tloc           0%           88%         1
 Beastly Appendage        Tmut           0%           88%         1
 Corona                   Hex            0%           88%         1
 Foxfire                  Conj/Fire      0%           88%         1
 Freeze                   Ice            0%           88%         1
 Magic Dart               Conj           0%           88%         1
 Pain                     Necr           0%           88%         1
 Sandblast                Erth           0%           88%         1
 Shock                    Conj/Air       0%           88%         1
 Summon Small Mammal      Summ           0%           88%         1
 Blink                    Tloc           N/A          96%         2
 Call Imp                 Summ           0%           96%         2
 Corpse Rot               Necr/Air       N/A          96%         2
 Ensorcelled Hibernation  Hex/Ice        0%           96%         2
 Passwall                 Tmut/Erth      0%           96%         2
 Poisonous Vapours        Pois/Air       0%           96%         2
 Searing Ray              Conj           0%           96%         2
 Slow                     Hex            0%           96%         2
 Sublimation of Blood     Necr           0%           96%         2
 Swiftness                Air            0%           96%         2
 Wereblood                Tmut           0%           96%         2
 Call Canine Familiar     Summ           0%           99%         3
 Confusing Touch          Hex            0%           99%         3
 Conjure Flame            Conj/Fire      0%           99%         3
 Dazzling Flash           Conj/Hex       0%           99%         3
 Frozen Ramparts          Ice            0%           99%         3
 Gell's Gravitas          Tloc           0%           99%         3
 Ignite Poison            Fire/Tmut/Pois 0%           99%         3
 Inner Flame              Hex/Fire       0%           99%         3
 Lesser Beckoning         Tloc           0%           99%         3
 Mephitic Cloud           Conj/Pois/Air  0%           99%         3
 Ozocubu's Armour         Ice            0%           99%         3
 Portal Projectile        Hex/Tloc       0%           99%         3
 Spider Form              Tmut/Pois      0%           99%         3
 Static Discharge         Conj/Air       0%           99%         3
 Stone Arrow              Conj/Erth      0%           99%         3
 Summon Guardian Golem    Hex/Summ       0%           99%         3
 Teleport Other           Tloc           0%           99%         3
 Tukima's Dance           Hex            0%           99%         3
 Vampiric Draining        Necr           0%           99%         3
 Airstrike                Air            0%           100%        4
 Animate Dead             Necr           0%           100%        4
 Cause Fear               Hex            0%           100%        4
 Fulminant Prism          Conj/Hex       0%           100%        4
 Hailstorm                Conj/Ice       0%           100%        4
 Ice Form                 Ice/Tmut       0%           100%        4
 Iskenderun's Mystic Bla  Conj/Tloc      0%           100%        4
 Leda's Liquefaction      Hex/Erth       0%           100%        4
 Passage of Golubria      Tloc           N/A          100%        4
 Petrify                  Tmut/Erth      0%           100%        4
 Sticky Flame             Conj/Fire      0%           100%        4
 Summon Ice Beast         Ice/Summ       0%           100%        4
 Summon Lightning Spire   Summ/Air       0%           100%        4
 Agony                    Necr           0%           100%        5
 Alistair's Intoxication  Tmut/Pois      0%           100%        5
 Blade Hands              Tmut           0%           100%        5
 Bolt of Magma            Conj/Fire/Erth 0%           100%        5
 Borgnjor's Vile Clutch   Necr/Erth      0%           100%        5
 Fireball                 Conj/Fire      0%           100%        5
 Irradiate                Conj/Tmut      0%           100%        5
 Iskenderun's Battlesphe  Conj           0%           100%        5
 Lee's Rapid Deconstruct  Erth           0%           100%        5
 Lightning Bolt           Conj/Air       0%           100%        5
 Metabolic Englaciation   Hex/Ice        0%           100%        5
 Silence                  Hex/Air        0%           100%        5
 Summon Demon             Summ           0%           100%        5
 Summon Forest            Summ/Tloc      0%           100%        5
 Summon Mana Viper        Hex/Summ       0%           100%        5
 Yara's Violent Unravell  Hex/Tmut       0%           100%        5
 Conjure Ball Lightning   Conj/Air       0%           100%        6
 Dispersal                Tloc           0%           100%        6
 Eringya's Noxious Bog    Tmut/Pois      0%           100%        6
 Freezing Cloud           Conj/Ice/Air   0%           100%        6
 Hydra Form               Tmut           0%           100%        6
 Invisibility             Hex            0%           100%        6
 Iron Shot                Conj/Erth      0%           100%        6
 Ozocubu's Refrigeration  Ice            0%           100%        6
 Shadow Creatures         Summ           N/A          100%        6
 Simulacrum               Ice/Necr       0%           100%        6
 Statue Form              Tmut/Erth      0%           100%        6
 Dragon Form              Tmut           0%           100%        7
 Malign Gateway           Summ/Tloc      0%           100%        7
 Monstrous Menagerie      Summ           0%           100%        7
 Orb of Destruction       Conj           0%           100%        7
 Spellforged Servitor     Conj/Summ      0%           100%        7
 Summon Greater Demon     Summ           0%           100%        7
 Summon Hydra             Summ           0%           100%        7
 Discord                  Hex            0%           100%        8
 Summon Horrible Things   Summ           0%           100%        8
 Dragon's Call            Summ           0%           100%        9
 Shatter                  Erth           0%           100%        9
 Tornado                  Air            0%           100%        9


Dungeon Overview and Level Annotations

Branches:
Dungeon (15/15)            Temple (1/1) D:7            Lair (6/6) D:9
  Swamp (4/4) Lair:2        Snake (4/4) Lair:2        Slime (5/5) Lair:6
    Orc (2/2) D:10            Elf (3/3) Orc:2        Vaults (5/5) D:14
  Crypt (3/3) Vaults:3       Tomb (3/3) Crypt:3      Depths (5/5) D:15
   Hell (visited)             Dis (7/7) Hell            Geh (7/7) Hell
    Coc (7/7) Hell            Tar (7/7) Hell            Zot (1/5) Depths:5
  IceCv (visited)

Altars:
Cheibriados
Dithmenos
Elyvilon
Fedhas
Gozag
Hepliaklqana
Kikubaaqudgha
Makhleb
Nemelex Xobeh
Okawaru
Ru
Sif Muna
Trog
Uskayaw
Vehumet
Wu Jian
Xom
Yredelemnul
Zin
The Shining One
Beogh
Jiyva

Shops:
D:11 [   D:12 [   Orc:1 (   Orc:2 [(=*   Elf:1 }   Snake:3 [   Vaults:3 [
Vaults:5 ?!!???!   Depths:2 !   Depths:5 *

Portals:
Hell: Depths:1 Depths:2 Depths:3 Depths:4 Depths:5
Abyss: Depths:1 Depths:4
Pandemonium: Depths:3
Ziggurat: Depths:3

Annotations:
Lair:5 2 transporters
Coc:2 exclusion: 2 ice statues


Innate Abilities, Weirdness & Mutations

You have razor-sharp teeth.
You heal very quickly.
When hurt, damage is shared between your health and your magic reserves.
Your bite disrupts and absorbs the magic of your enemies.
Potions cannot restore your health.
You have a pair of small horns on your head.
You are surrounded by a mild repulsion field. (EV +2)
You are partially covered in slimy green scales. (AC +2)
You are partially covered in thin metallic scales. (AC +2)
Your flesh is cold resistant. (rC+)
Your body often deteriorates upon taking damage.
Your flesh is heat resistant. (rF+)
You are occasionally teleported next to monsters.


Message History

The emperor scorpion claws you but does no damage. x2
The emperor scorpion stings you but does no damage.
The emperor scorpion claws you but does no damage. x2
The royal mummy barely misses you.
The royal mummy calls on the powers of darkness!
Your body is wracked with pain!
* * * LOW HITPOINT WARNING * * *
The emperor scorpion convulses! x6
Unknown command.
Unknown command.
Unknown command.
Unknown command.
Okay, then.
Blink to where?
Press: ? - help, Dir - move target
As you read the scroll of blinking, it crumbles to dust.
You feel very sick. The royal mummy casts a spell at you. Something smites you!
You die...

,,,,,,,,,,,,,,,,,,,,,,***
,,,,,,,,,,,,,,,,,*##+##
,,,,,,,,,,,,,,,,*#....##*
*,,,,,,8,,,,,,,##^......***
**.......4.W.,##........,,*
<*#.....WZM.,##<........,,**
,,*#...^MM48##..........,,,*
,,,*#..z.MM##...........,,,*
,,^*#...M°.##...@.....$$,,,*
,,,,#..MBM8#........$[$$,,,*
,,,,#..MMM.#M8......$$==,,,*
,,,,+..ssMM8M......$$[[[,,**
,^,,#..ZssM#......$$$[:[,**
,,,,#°.(.s.#......($|)|}**
,,,*#.B...°##...[.$$[|}#*
,,,*#......##....$$:)|##
,,**#......###...)$})**


You could see 4 royal mummies, 2 emperor scorpions, a guardian mummy and 2
ushabtiu.

Vanquished Creatures
  Cerebov (Pan)
  Antaeus (Coc:7)
  the Royal Jelly (Slime:5)
  Asmodeus (Geh:7)
  Ereshkigal (Tar:7)
  Gloorx Vloq (Pan)
  Mnoleg (Pan)
  Dispater (Dis:7)
  Mennas (Pan)
  3 pandemonium lords (Pan)
  4 ancient liches
  2 juggernauts
  Sojobo (Crypt:2)
  23 royal mummies
  The ghost of howech the Tortoise, a veteran MiGl of Cheibriados (Elf:3)
  Frederick (Crypt:2)
  Xtahua (Vaults:5)
  Margery (Vaults:5)
  2 caustic shrikes (Depths:3)
  4 golden dragons
  Geryon (Hell)
  Nikola (Swamp:1)
  5 bone dragons
  3 iron giants
  A profane servitor (Crypt:3)
  6 Brimstone Fiends
  4 doom hounds
  13 Tzitzimimeh
  11 liches
  10 Hell Sentinels
  12 Ice Fiends
  Rupert (D:14)
  8 tentacled monstrosities
  9 deep elf blademasters
  Asterion (Elf:2)
  18 acid blobs
  A quicksilver dragon (Vaults:4)
  16 Executioners (Pan)
  11 deep elf master archers
  21 titans
  7 sphinxes
  14 ancient champions
  8 tentacled starspawn
  13 tengu reavers
  6 revenants
  The ghost of jackrogers the Warrior, an adept HOAK of Lugonu (D:15)
  2 storm dragons
  7 shadow dragons
  The ghost of Huol the Warrior, an adept FoFi of Okawaru (Elf:1)
  6 draconian monks
  Donald (Snake:2)
  An eldritch tentacle (Slime:2)
  7 nagarajas
  9 azure jellies
  22 fire giants
  16 balrugs
  10 iron dragons
  Aizul (Snake:1)
  9 daevas (Pan)
  12 deep elf sorcerers
  16 frost giants
  16 cacodemons
  An orc warlord (Orc:1)
  9 vault wardens
  The ghost of lessens the Covert, a journeyman GnDe of Okawaru (Orc:2)
  4 curse skulls
  4 warmongers (Pan)
  5 draconian annihilators
  3 ghost moths (Pan)
  4 angels (Pan)
  A draconian shifter (Depths:5)
  4 spriggan defenders
  14 war gargoyles
  41 reapers
  19 ironheart preservers
  6 deep elf elementalists
  The ghost of Yned the Fighter, a journeyman DDFi of Makhleb (Lair:6)
  10 bennus
  15 ghouls
  Nessos (D:14)
  3 ophanim (Pan)
  34 very ugly things
  An apis (Pan)
  The ghost of tiocybot the Martial Artist, a journeyman GnTm of Sif Muna (D:12)
  An elemental wellspring (Coc:7)
  13 vampire knights
  3 corrupters (Pan)
  28 stone giants
  5 green draconians
  13 deep elf demonologists
  3 blood saints (Pan)
  3 spark wasps
  9 deep elf annihilators
  4 lorocyprocas
  5 bunyips
  7 purple draconians
  3 black suns (Pan)
  5 red draconians
  5 white draconians
  A yellow draconian (D:13)
  8 black draconians
  An entropy weaver (Vaults:2)
  13 blizzard demons
  7 fire dragons
  A crystal guardian (Vaults:5)
  4 eidola
  13 ettins
  5 green deaths
  3 eleionomae
  11 deep elf death magi
  16 mummy priests
  2 merfolk impalers
  2 death oozes (Slime:5)
  8 deep elf high priests
  2 spectral krakens (Tar:7)
  19 jiangshi
  11 ogre magi
  12 rakshasas
  8 quicksilver dragon zombies
  20 yaktaur captains
  A boulder beetle (shapeshifter) (Depths:4)
  8 great orbs of eyes
  3 quicksilver dragon skeletons
  26 vault guards
  Erica (D:9)
  17 naga warriors
  9 boulder beetles
  6 ghost crabs
  17 ice dragons
  5 death knights
  22 hydras
  2 catoblepae (D:14)
  6 monstrous demonspawn (Pan)
  6 spriggan air magi
  3 anacondas
  5 hell beasts (Pan)
  A two-headed ogre (shapeshifter) (Depths:2)
  27 two-headed ogres
  17 centaur warriors
  9 deep troll shamans
  2 alligators
  8 death yaks
  15 hell hogs
  33 dancing weapons
  4 orc high priests (Orc:2)
  6 tengu warriors
  14 deep troll earth magi
  48 death scarabs
  12 vampire magi
  2 spriggan berserkers
  4 titan zombies
  9 shock serpents
  7 iron golems
  4 storm dragon zombies
  26 sun demons
  39 deep elf knights
  6 naga sharpshooters
  6 thrashing horrors
  Nergalle (D:11)
  13 iron trolls
  30 hell knights
  27 soul eaters
  3 titan skeletons
  A spatial maelstrom (Abyss:2)
  4 wretched stars
  A fire crab (shapeshifter) (Vaults:2)
  19 sixfirhies
  3 anaconda zombies
  14 shadow wraiths
  A cherub (Pan)
  2 salamander mystics (Snake:2)
  101 skeletal warriors
  3 goliath frogs
  A goliath frog (shapeshifter) (Depths:2)
  An unseen horror (shapeshifter) (Vaults:3)
  2 gelid demonspawn (Pan)
  2 storm dragon skeletons
  54 deep trolls
  7 unseen horrors
  3 spriggan druids
  A golden dragon zombie (Geh:6)
  10 glowing orange brains
  A swamp dragon (shapeshifter) (Vaults:1)
  A torturous demonspawn (Pan)
  2 naga ritualists
  10 flayed ghosts
  34 deep elf archers
  An infernal demonspawn (Pan)
  6 lindwurms
  9 swamp dragons
  2 golden dragon skeletons
  6 wizards
  4 death drakes
  3 shadow dragon zombies
  Pikel (D:8)
  A harpy (shapeshifter) (Depths:3)
  16 bog bodies
  89 deep elf magi
  21 orc knights
  17 ironbrand convokers
  22 shadow demons
  19 phantasmal warriors
  5 wolf spider zombies
  14 necromancers
  An iron dragon zombie (Coc:7)
  3 anaconda skeletons
  5 fire giant zombies
  15 harpies
  3 stone giant zombies
  55 ugly things
  9 mana vipers
  7 wolf spiders
  4 shadow dragon skeletons
  7 frost giant zombies
  5 shining eyes
  6 orc sorcerers
  A manticore (shapeshifter) (Depths:3)
  A faun (shapeshifter) (Elf:3)
  A moth of wrath (shapeshifter) (Vaults:5)
  9 salamanders
  5 cyclopes
  4 will-o-the-wisps
  2 manticores
  2 worldbinders (Abyss:3)
  2 titan simulacra (Coc:7)
  6 ice statues
  4 dire elephant zombies
  A water nymph (shapeshifter) (Vaults:5)
  23 rust devils
  4 frost giant skeletons
  3 shock serpent zombies
  2 eyes of devastation
  26 black mambas
  5 fire giant skeletons
  Psyche (D:10)
  4 iron dragon skeletons
  A spriggan zombie (Depths:1)
  20 naga magi
  13 vault sentinels
  A gargoyle (D:11)
  3 guardian serpents (Snake:4)
  7 molten gargoyles (Geh:7)
  2 shock serpent skeletons
  4 stone giant skeletons
  14 orange demons
  19 cane toads
  12 smoke demons
  A torpor snail (Lair:3)
  A cane toad (shapeshifter) (Depths:5)
  34 freezing wraiths
  An alligator snapping turtle skeleton (Crypt:2)
  7 efreet
  3 storm dragon simulacra (Coc:7)
  4 emperor scorpion zombies
  31 hellions
  8 spectral swamp worms
  31 yaktaurs
  12 komodo dragons
  3 kobold demonologists
  2 catoblepas zombies
  3 yaktaur zombies
  A green draconian skeleton (Crypt:1)
  24 tormentors
  33 ice devils
  2 rime drakes (Lair:4)
  A komodo dragon (shapeshifter) (Vaults:2)
  2 dire elephant skeletons
  35 guardian mummies
  5 anaconda simulacra
  A black draconian skeleton (Crypt:3)
  A harpy zombie (Tar:1)
  An ancient zyme (Abyss:3)
  7 demonic crawlers
  A jumping spider (Vaults:2)
  3 tengu conjurers
  13 red devils
  A polar bear (shapeshifter) (Elf:2)
  16 hellwings
  12 trolls
  8 hydra zombies
  2 trolls (shapeshifter)
  A meliai (shapeshifter) (Vaults:4)
  3 silent spectres
  13 hornets
  2 hydra skeletons
  9 raiju
  A wind drake (Depths:5)
  A shadow dragon simulacrum (Coc:1)
  19 blink frogs
  8 polar bears
  99 slime creatures
  3 dream sheep (Lair:6)
  2 slime creatures (shapeshifter) (Vaults:5)
  6 tyrant leeches
  3 harpy skeletons
  3 ettin zombies
  A fire dragon zombie (Hell)
  3 alligator zombies
  4 ice dragon zombies
  26 starcursed masses
  7 ettin skeletons
  47 flying skulls
  A black mamba zombie (Coc:7)
  2 alligator skeletons
  4 ice dragon skeletons
  8 ynoxinuls
  Sigmund (D:2)
  A fire dragon skeleton (Crypt:2)
  A redback (shapeshifter) (Depths:4)
  18 spriggans
  3 vampires
  2 redbacks (Vaults:2)
  19 water elementals
  A tarantella (Vaults:2)
  8 wyverns
  23 shadows
  A tarantella (shapeshifter) (D:15)
  2 air elementals (Elf:3)
  16 humans
  31 yaks
  2 golden eyes (Slime:5)
  A yak (shapeshifter) (Vaults:3)
  14 ushabtiu
  14 small abominations
  2 golden eyes (shapeshifter)
  A hog (shapeshifter) (Depths:3)
  15 neqoxecs
  28 wraiths
  18 fire elementals
  5 chaos spawn
  5 basilisks
  2 human simulacra
  6 vampire mosquitoes
  3 wargs
  3 acid dragons
  18 large abominations
  13 swamp worms
  61 nagas
  A swamp worm (shapeshifter) (Vaults:5)
  5 cane toad zombies
  15 water moccasins
  73 hell hounds
  A soldier ant (shapeshifter) (Elf:3)
  3 hydra simulacra (Coc:7)
  A soldier ant (D:13)
  A floating eye (Depths:3)
  2 cane toad skeletons
  A faun skeleton (Crypt:1)
  A gelid demonspawn zombie (Coc:3)
  47 orc warriors
  7 phantoms
  11 ice beasts
  A merfolk skeleton (Coc:1)
  9 swamp drakes
  A black bear (shapeshifter) (Elf:3)
  6 sky beasts
  2 snapping turtle zombies
  5 black bears
  An ettin simulacrum (Coc:3)
  A black mamba simulacrum (Crypt:3)
  An eye of draining (Slime:4)
  A lindwurm zombie (Crypt:3)
  29 necrophages
  2 swamp dragon zombies
  20 boggarts
  27 ogres
  22 wolves
  2 swamp dragon skeletons
  2 snapping turtle skeletons
  18 centaurs
  2 rime drake zombies (Crypt:2)
  Blork the orc (D:4)
  3 big kobolds
  22 bullfrogs
  A glowing shapeshifter simulacrum (Vaults:2)
  6 earth elementals
  2 cane toad simulacra
  A warg zombie (Crypt:1)
  8 scorpions
  A killer bee (shapeshifter) (Elf:2)
  24 killer bees
  A swamp dragon simulacrum (Crypt:2)
  61 wights
  2 troll skeletons
  2 electric eels
  3 howler monkeys
  19 crimson imps
  5 quasits
  4 bullfrog zombies
  3 hounds
  3 human zombies (D:15)
  15 iron imps
  4 jellies
  17 orc priests
  3 bullfrog skeletons
  2 centaur skeletons
  7 iguanas
  5 human skeletons
  A black bear skeleton (Crypt:2)
  12 worker ants
  19 orc wizards
  8 hell rats
  A tengu zombie (Coc:7)
  A naga zombie (Crypt:3)
  An ogre skeleton (Tar:7)
  A hound skeleton (D:10)
  50 mummies
  A howler monkey skeleton (D:6)
  6 gnolls
  14 adders
  A steam dragon skeleton (Crypt:3)
  14 shadow imps
  19 white imps
  9 ufetubi
  4 oozes
  A halfling zombie (Crypt:2)
  An adder skeleton (D:7)
  An iguana skeleton (Crypt:3)
  2 dart slugs
  4 leopard geckos
  79 orcs
  5 bats
  5 giant cockroaches
  7 goblins
  4 hobgoblins
  2 jackals (D:5)
  10 kobolds
  4 quokkas
  5 ball pythons
  3 frilled lizards
  A jackal zombie (Crypt:2)
  A kobold skeleton (Tar:7)
  A leopard gecko zombie (D:8)
  An orc zombie (D:15)
  A quokka skeleton (D:9)
  4 rats
  6 starspawn tentacles
  2 tentacles (Tar:7)
  2 withered plants (Crypt:3)
3976 creatures vanquished.

Vanquished Creatures (collateral kills)
  Lom Lobon (Pan)
  2 royal mummies (Tomb:1)
  A Hell Sentinel (Dis:7)
  2 cacodemons (Pan)
  2 balrugs (Pan)
  A reaper (Dis:7)
  An elemental wellspring (Coc:7)
  4 bennus
  2 blizzard demons
  3 green deaths (Pan)
  A mummy priest (Tomb:2)
  A rakshasa (Pan)
  9 death scarabs
  An iron troll (Dis:7)
  A skeletal warrior (Tomb:2)
  A sixfirhy (Pan)
  An anaconda zombie (Coc:7)
  An ugly thing (Pan)
  A rust devil (Dis:7)
  A storm dragon simulacrum (Coc:7)
  A smoke demon (Pan)
  A titan simulacrum (Coc:7)
  An anaconda simulacrum (Coc:7)
  An ice devil (Coc:7)
  3 demonic crawlers (Pan)
  A guardian mummy (Tomb:2)
  A flying skull (Tar:7)
  2 ushabtiu (Tomb:1)
  A hell hound (Dis:7)
  2 large abominations (Pan)
  2 crimson imps (Pan)
  3 mummies
  2 ball lightnings (Pan)
58 creatures vanquished.

Vanquished Creatures (others)
  An ancient lich (Coc:3)
  A storm dragon (Vaults:5)
  A stone giant (Coc:7)
  An ironheart preserver (Vaults:3)
  A spark wasp (Depths:5)
  A yellow draconian (Geh:3)
  A blizzard demon (Coc:3)
  An alligator (Swamp:4)
  A hell hog (Geh:3)
  A soul eater (Pan)
  2 deep elf knights
  A skeletal warrior (Tar:5)
  A shadow demon (Pan)
  An anaconda zombie (Tar:6)
  A harpy (Vaults:5)
  An orc sorcerer (Vaults:1)
  A smoke demon (Pan)
  A black draconian zombie (Geh:2)
  A guardian mummy (Tomb:3)
  2 bloated husks
  A hydra skeleton (Coc:7)
  3 water elementals
  An ice dragon skeleton (Geh:7)
  A swamp worm (Swamp:1)
  A swamp drake (Depths:5)
  An orc warrior (Vaults:1)
  An ogre (Vaults:2)
  3 wights
  2 hell rats (Hell)
  2 mummies
  3 white imps (IceCv)
  2 ufetubi (IceCv)
  An orc (Vaults:1)
  5 ball lightnings (Pan)
  A bush (Depths:5)
  16 foxfires
  49 fungi
  A lurking horror (Abyss:2)
  55 plants
  9 starspawn tentacles
  6 tentacles (Tar:7)
  4 toadstools (D:5)
  7 withered plants (Crypt:3)
197 creatures vanquished.

Grand Total: 4231 creatures vanquished

Notes
Turn   | Place    | Note
-------+----------+-------------------------------------------
     0 | D:1      | ythm the Vine Stalker Gladiator began the quest for the
                  | Orb.
     0 | D:1      | Reached XP level 1. HP: 11/11 MP: 2/2
     4 | D:1      | Noticed a dwarf
     4 | D:1      | Noticed an octopode
     6 | D:1      | Noticed a spriggan
     6 | D:1      | Noticed an ogre
     8 | D:1      | Noticed a vine stalker
     8 | D:1      | Noticed a felid
    10 | D:1      | Noticed a gargoyle
    10 | D:1      | Noticed a vampire
    12 | D:1      | Noticed a naga
    12 | D:1      | Noticed a centaur
    14 | D:1      | Noticed a merfolk
    14 | D:1      | Noticed a tengu
    16 | D:1      | Noticed a demigod
    16 | D:1      | Noticed an elf
    18 | D:1      | Noticed a ghoul
    18 | D:1      | Noticed a demonspawn
    20 | D:1      | Noticed a human
    22 | D:1      | Noticed a halfling
    22 | D:1      | Noticed a formicid
    24 | D:1      | Noticed a minotaur
    26 | D:1      | Noticed a draconian
    26 | D:1      | Noticed a troll
   445 | D:1      | Reached XP level 2. HP: 10/15 MP: 3/3
  1292 | D:1      | Reached XP level 3. HP: 18/18 MP: 4/4
  1770 | D:2      | Noticed Sigmund
  1782 | D:2      | Killed Sigmund
  1783 | D:2      | Reached skill level 5 in Axes
  1783 | D:2      | Gained mutation: Your natural rate of healing is unusually
                  | fast. [Vine Stalker growth]
  1783 | D:2      | Reached XP level 4. HP: 6/23 MP: 1/5
  1783 | D:2      | Reached XP level 5. HP: 6/26 MP: 1/6
  2170 | D:3      | Reached XP level 6. HP: 4/30 MP: 0/7
  2858 | D:4      | Noticed Blork the orc
  2894 | D:4      | Killed Blork the orc
  3699 | D:5      | Entered Level 5 of the Dungeon
  3716 | D:5      | Noticed a necrophage
  3962 | D:5      | Reached XP level 7. HP: 32/34 MP: 8/8
  3978 | D:5      | Reached skill level 1 in Armour
  4211 | D:5      | Got a dazzling short sword
  4212 | D:5      | Identified the +5 short sword "Dinyamurch" {freeze, +Rage
                  | rElec rF+ Dex+4} (You found it on level 5 of the Dungeon)
  4545 | D:6      | Got a silken robe
  4556 | D:6      | Identified the +1 robe "Myomox" {rC+ Regen+ MP+9} (You
                  | found it on level 6 of the Dungeon)
  4632 | D:6      | Found the +7 sceptre of Torment {pain, torment}
  4708 | D:6      | Gained mutation: You have razor-sharp teeth. [Vine Stalker
                  | growth]
  4708 | D:6      | Reached XP level 8. HP: 24/38 MP: 5/9
  5228 | D:7      | Got a warped ring mail
  5246 | D:7      | Identified the +6 ring mail "Xuwn" {rElec} (You found it on
                  | level 7 of the Dungeon)
  5251 | D:7      | Found a staircase to the Ecumenical Temple.
  5261 | Temple   | Entered the Ecumenical Temple
  5348 | Temple   | Became a worshipper of Warmaster Okawaru
  5439 | D:7      | Reached skill level 10 in Axes
  5551 | D:7      | Reached XP level 9. HP: 40/42 MP: 10/10
  5619 | D:7      | Reached * piety under Okawaru
  6162 | D:8      | Reached ** piety under Okawaru
  6375 | D:8      | Reached XP level 10. HP: 46/46 MP: 11/11
  6396 | D:8      | Got a warped leather armour
  6407 | D:8      | Identified the cursed +1 leather armour "Ximaun" {Str+6
                  | Stlth+} (You found it on level 8 of the Dungeon)
  6524 | D:8      | Noticed Pikel
  6535 | D:8      | Killed Pikel
  6757 | D:8      | Found a sparkling altar of Nemelex Xobeh.
  6757 | D:8      | Found a hide-covered altar of Uskayaw.
  7194 | D:9      | Reached *** piety under Okawaru
  7266 | D:9      | Found a white marble altar of Elyvilon.
  7313 | D:9      | Reached skill level 1 in Invocations
  7359 | D:9      | Noticed Erica
  7391 | D:9      | Killed Erica
  7391 | D:9      | Reached **** piety under Okawaru
  7500 | D:9      | Noticed a two-headed ogre
  7507 | D:9      | Killed a two-headed ogre
  7507 | D:9      | Reached ***** piety under Okawaru
  7508 | D:9      | Reached XP level 11. HP: 35/52 MP: 13/13
  7624 | D:9      | Found a staircase to the Lair.
  8103 | D:10     | Entered Level 10 of the Dungeon
  8370 | D:10     | Killed an unseen horror
  8404 | D:10     | Killed an unseen horror
  8426 | D:10     | Noticed a centaur warrior
  8431 | D:10     | Noticed a centaur warrior
  8432 | D:10     | Killed a centaur warrior
  8436 | D:10     | Paralysed by a hornet for 3 turns
  8441 | D:10     | Received a gift from Okawaru
  8451 | D:10     | Killed a centaur warrior
  8457 | D:10     | Got a shimmering executioner's axe {god gift}
  8460 | D:10     | Noticed a tengu warrior
  8537 | D:9      | Identified the +7 executioner's axe of Zimula {speed, rElec
                  | Str+8 Dex+5} (Okawaru gifted it to you on level 10 of the
                  | Dungeon)
  8565 | Lair:1   | Entered Level 1 of the Lair of Beasts
  8876 | Lair:1   | Reached skill level 5 in Fighting
  8932 | Lair:1   | Reached skill level 5 in Invocations
  9099 | Lair:1   | You fall into a shaft and drop 1 floor!
  9150 | Lair:1   | Gained mutation: You heal very quickly. [Vine Stalker
                  | growth]
  9150 | Lair:1   | Reached XP level 12. HP: 54/60 MP: 16/16
  9234 | Lair:1   | Reached skill level 15 in Axes
  9938 | Lair:2   | Found a staircase to the Snake Pit.
  9969 | Lair:2   | Received a gift from Okawaru
 10176 | Lair:2   | Noticed a six-headed hydra
 10195 | Lair:2   | Killed a six-headed hydra
 10258 | Lair:2   | Got a distressingly furry scale mail
 10443 | Lair:2   | Found a staircase to the Swamp.
 10769 | Lair:3   | Noticed a six-headed hydra
 10787 | Lair:3   | Killed a six-headed hydra
 10839 | Lair:3   | Noticed a death yak
 10841 | Lair:3   | Noticed a death yak
 10845 | Lair:3   | Noticed a four-headed hydra
 10854 | Lair:3   | Killed a death yak
 10859 | Lair:3   | Killed a death yak
 10860 | Lair:3   | Reached XP level 13. HP: 55/67 MP: 19/19
 11062 | Lair:3   | Reached ****** piety under Okawaru
 11521 | Lair:4   | Received a gift from Okawaru
 11928 | Lair:4   | Identified the +6 scale mail of the Eight Stars {Int+6}
                  | (You found it on level 2 of the Lair of Beasts)
 12734 | Lair:5   | Reached XP level 14. HP: 35/74 MP: 19/21
 13092 | Lair:5   | You fall into a shaft and drop 1 floor!
 13092 | Lair:6   | Entered Level 6 of the Lair of Beasts
 13139 | Lair:6   | Noticed Yned's ghost (journeyman DDFi)
 13429 | Lair:5   | Found a transporter.
 13431 | Lair:5   | Found a transporter.
 13732 | Lair:6   | Received a gift from Okawaru
 13735 | Lair:6   | Got an ebony executioner's axe {god gift}
 13736 | Lair:6   | Identified the +6 executioner's axe of a Hundred Portals
                  | {venom, rF++ Str+3 Int+5} (Okawaru gifted it to you on
                  | level 6 of the Lair of Beasts)
 14297 | Lair:6   | Received a gift from Okawaru
 14321 | Lair:6   | Got a heavily runed plate armour
 14332 | Lair:6   | Identified the +5 plate armour of the Equinox {rPois rF+
                  | Str+4} (You found it on level 6 of the Lair of Beasts)
 14407 | Lair:6   | Found a hazy altar of Hepliaklqana.
 14421 | Lair:6   | Found a runed translucent gate.
 14424 | Lair:6   | Found a runed translucent gate.
 14425 | Lair:6   | Found a runed translucent gate.
 14638 | Lair:6   | Found a runed translucent door.
 14638 | Lair:6   | Found a viscous altar of Jiyva.
 14638 | Lair:6   | Found a staircase to the Slime Pits.
 14638 | Lair:6   | Noticed an acid blob
 14816 | Lair:6   | Killed Yned's ghost
 15161 | D:10     | Noticed Psyche
 15167 | D:10     | Killed Psyche
 15325 | D:10     | Found a staircase to the Orcish Mines.
 15849 | Orc:1    | Entered Level 1 of the Orcish Mines
 15982 | Orc:1    | Reached skill level 10 in Fighting
 16076 | Orc:1    | Found Neatuaq's Antique Weapon Shop.
 16100 | Orc:1    | Found a roughly hewn altar of Beogh.
 16216 | Orc:2    | Entered Level 2 of the Orcish Mines
 16262 | Orc:2    | Noticed an orc warlord
 16330 | Orc:1    | Reached XP level 15. HP: 51/80 MP: 20/22
 16382 | Orc:2    | Received a gift from Okawaru
 16417 | Orc:1    | Killed an orc warlord
 16532 | Orc:2    | Found Acviamn's Antique Armour Shop.
 16539 | Orc:2    | Bought a faintly humming helmet for 294 gold pieces
 16549 | Orc:2    | Identified the +2 helmet of the Nightingale {+Fly} (You
                  | bought it in a shop on level 2 of the Orcish Mines)
 16603 | Orc:2    | Found Ofurhose's Jewellery Boutique.
 16634 | Orc:2    | Reached skill level 5 in Dodging
 16644 | Orc:2    | Reached skill level 5 in Armour
 16726 | Orc:2    | Found Utuag's Antique Weapon Emporium.
 17011 | Orc:2    | Found the +8 storm bow {elec, penet}
 17084 | Orc:2    | Found a runed translucent gate.
 17084 | Orc:2    | Found a runed translucent gate.
 17084 | Orc:2    | Found a runed translucent gate.
 17085 | Orc:2    | Noticed lessens's ghost (journeyman GnDe)
 17191 | Orc:2    | Found Ongan's General Store.
 17238 | Orc:2    | Found a staircase to the Elven Halls.
 17440 | Orc:2    | Killed lessens's ghost
 17440 | Orc:2    | Received a gift from Okawaru
 17446 | Orc:2    | Got an ivory battleaxe {god gift}
 17447 | Orc:2    | Identified the +1 battleaxe of the Secret Wonders {vorpal,
                  | MP+9 Str+2 SInv Stlth+} (Okawaru gifted it to you on level
                  | 2 of the Orcish Mines)
 17684 | D:11     | Found Vutaan's Antique Armour Emporium.
 17720 | D:11     | Found a shimmering altar of Xom.
 17727 | D:11     | Found a shimmering altar of Xom.
 17760 | D:11     | Noticed Nergalle
 17769 | D:11     | Killed Nergalle
 17830 | D:11     | Found a shimmering altar of Xom.
 17846 | D:11     | Found a shimmering altar of Xom.
 17846 | D:11     | Found a shimmering altar of Xom.
 17862 | D:11     | Found a shimmering altar of Xom.
 17863 | D:11     | Found a shimmering altar of Xom.
 17863 | D:11     | Found a shimmering altar of Xom.
 18154 | D:12     | Found Gisaoq's Antique Armour Boutique.
 18170 | D:12     | Found a frozen archway.
 18205 | IceCv    | Entered an ice cave
 18346 | IceCv    | Found the +8 autumn katana {vorpal, Clar}
 18630 | D:12     | Found an opulent altar of Gozag.
 18753 | D:12     | Found a runed translucent gate.
 18753 | D:12     | Found a runed translucent gate.
 18754 | D:12     | Found a runed translucent gate.
 18760 | D:12     | Noticed tiocybot's ghost (journeyman GnTm)
 18784 | D:12     | Found a runed translucent door.
 18792 | D:12     | Noticed a tentacled monstrosity
 18804 | D:12     | Killed a tentacled monstrosity
 18804 | D:12     | Received a gift from Okawaru
 18843 | D:12     | Got an encrusted battleaxe {god gift}
 18844 | D:12     | Identified the +9 battleaxe of Saw Fuedeck {venom, rPois
                  | rF+ Int+5} (Okawaru gifted it to you on level 12 of the
                  | Dungeon)
 18881 | D:12     | Reached XP level 16. HP: 85/85 MP: 23/23
 19466 | D:12     | Killed tiocybot's ghost
 19579 | D:13     | Received a gift from Okawaru
 19988 | D:13     | Found a portal to a secret trove of treasure.
 20468 | D:14     | Noticed Rupert
 20531 | D:14     | Reached skill level 1 in Evocations
 20538 | D:14     | Killed Rupert
 20897 | D:14     | Found a gate to the Vaults.
 21037 | D:14     | Found a radiant altar of Vehumet.
 21095 | D:14     | Received a gift from Okawaru
 21100 | D:14     | Got a pair of encrusted boots {god gift}
 21111 | D:14     | Identified the +0 pair of boots "Niotus" {Str+2} (Okawaru
                  | gifted it to you on level 14 of the Dungeon)
 21300 | D:14     | Noticed Nessos
 21307 | D:14     | Killed Nessos
 21445 | D:15     | Entered Level 15 of the Dungeon
 21531 | D:15     | Found a staircase to the Depths.
 21925 | D:15     | Found a runed translucent gate.
 22044 | D:15     | Found a runed translucent gate.
 22045 | D:15     | Found a runed translucent gate.
 22045 | D:15     | Noticed jackrogers's ghost (adept HOAK)
 22074 | D:15     | Killed jackrogers's ghost
 22075 | D:15     | Reached XP level 17. HP: 86/90 MP: 25/25
 22087 | D:15     | Identified the ring of Jufyotod {+Fly rPois} (You found it
                  | on level 15 of the Dungeon)
 22289 | D:15     | Found an ancient bone altar of Kikubaaqudgha.
 22609 | Snake:1  | Entered Level 1 of the Snake Pit
 23075 | Snake:1  | Received a gift from Okawaru
 23090 | Snake:1  | Reached skill level 10 in Invocations
 23095 | Snake:1  | Got an ichor-stained plate armour {god gift}
 23120 | Snake:1  | Identified the +5 plate armour of Life {Int+3} (Okawaru
                  | gifted it to you on level 1 of the Snake Pit)
 23261 | Snake:1  | Noticed Aizul
 23274 | Snake:1  | Killed Aizul
 23683 | Snake:2  | Noticed Donald
 23763 | Snake:2  | Killed Donald
 24482 | Snake:3  | Found Gasseige's Antique Armour Emporium.
 24677 | Snake:3  | Reached skill level 5 in Evocations
 24932 | Snake:4  | Entered Level 4 of the Snake Pit
 25075 | Snake:4  | Received a gift from Okawaru
 25158 | Snake:4  | Reached XP level 18. HP: 75/96 MP: 25/27
 25270 | Snake:4  | Reached XP level 19. HP: 100/100 MP: 28/28
 25445 | Snake:4  | Identified the +0 pair of gloves of the Spider Nest {rPois}
                  | (You found it on level 4 of the Snake Pit)
 25850 | Snake:4  | Identified the +10 bardiche "Lenwuoxt" {protect, *Rage
                  | +Rage Str+4 Dex+4}
 26154 | Snake:4  | Got a serpentine rune of Zot
 26642 | Orc:2    | Bought a slimy dire flail for 198 gold pieces
 26642 | Orc:2    | Identified the +5 dire flail "Ilyafun" {protect, rN+ Str+3
                  | Dex+4} (You bought it in a shop on level 2 of the Orcish
                  | Mines)
 26674 | Elf:1    | Entered Level 1 of the Elven Halls
 26715 | Elf:1    | Received a gift from Okawaru
 26983 | Swamp:1  | Entered Level 1 of the Swamp
 27003 | Swamp:1  | Noticed Nikola
 27065 | Swamp:1  | Killed Nikola
 27231 | Swamp:2  | Received a gift from Okawaru
 27421 | Swamp:2  | Reached skill level 10 in Armour
 27427 | Swamp:2  | Found an ancient bone altar of Kikubaaqudgha.
 27617 | Swamp:3  | Received a gift from Okawaru
 27623 | Swamp:3  | Identified the +1 hat of Lyiq {rPois Str+4} (Okawaru gifted
                  | it to you on level 3 of the Swamp)
 27775 | Swamp:4  | Entered Level 4 of the Swamp
 27895 | Swamp:4  | Reached XP level 20. HP: 88/107 MP: 28/30
 28511 | Swamp:4  | Got a decaying rune of Zot
 29088 | Elf:1    | Received a gift from Okawaru
 29216 | Elf:1    | Identified Essomexaro's Incunabulum of Creative Attacks
 29286 | Elf:1    | Found a transporter.
 29290 | Elf:1    | Noticed Huol's ghost (adept FoFi)
 29304 | Elf:1    | Found a transporter.
 29346 | Elf:1    | Killed Huol's ghost
 29394 | Elf:1    | Identified the +1 scale mail of Mental Paralysis {Dex+4
                  | Slay+2} (You found it on level 1 of the Elven Halls)
 29733 | Elf:1    | Found Qelyed's Gadget Shoppe.
 29799 | Elf:2    | Noticed Asterion
 29835 | Elf:2    | Killed Asterion
 29838 | Elf:2    | Received a gift from Okawaru
 29921 | Elf:2    | Found a runed translucent gate.
 29922 | Elf:2    | Found a runed translucent gate.
 29923 | Elf:2    | Found a runed translucent gate.
 30132 | Elf:2    | Reached XP level 21. HP: 77/114 MP: 21/31
 30236 | Elf:2    | Received a gift from Okawaru
 30237 | Elf:2    | Got an iridescent battleaxe {god gift}
 30246 | Elf:2    | Identified the +0 battleaxe "Yty Lonu" {antimagic, Fragile
                  | rN+++ Int+4} (Okawaru gifted it to you on level 2 of the
                  | Elven Halls)
 30528 | Elf:3    | Entered Level 3 of the Elven Halls
 30572 | Elf:3    | Found a runed translucent door.
 30572 | Elf:3    | Noticed howech's ghost (veteran MiGl)
 30610 | Elf:3    | Killed howech's ghost
 30610 | Elf:3    | Received a gift from Okawaru
 30724 | Elf:3    | Got a heavily runed bone amulet
 30730 | Elf:3    | Identified the amulet "Witenuum" {Regen+ Str-4 Dex+5 SInv}
                  | (You found it on level 3 of the Elven Halls)
 31014 | Elf:3    | Received a gift from Okawaru
 31022 | Elf:3    | Cast into level 2 of the Abyss (a deep elf sorcerer)
 31043 | Abyss:3  | Found a corrupted altar of Lugonu.
 31126 | Abyss:3  | Found a sparkling altar of Nemelex Xobeh.
 31361 | Elf:3    | Escaped the Abyss
 31383 | Elf:3    | Received a gift from Okawaru
 31414 | Elf:3    | Reached XP level 22. HP: 48/121 MP: 19/32
 31508 | Elf:3    | Identified the +8 short sword "Vine Stalker's Regret"
                  | {vorpal, *Noise rElec rC- Stlth+}
 31508 | Elf:3    | Identified the ring of Entrepreneurial Spirit {rF+ rC+ EV+4
                  | Str-4 Int+7}
 31613 | Elf:3    | Identified the cursed +1 fire dragon scales "Zaamn" {rF++
                  | rC- Str+3}
 31936 | Elf:3    | Identified the cursed +1 war axe of the Vine {freeze,
                  | rElec}
 32277 | Vaults:1 | Entered Level 1 of the Vaults
 32904 | Vaults:1 | Received a gift from Okawaru
 32953 | Vaults:1 | Reached skill level 15 in Fighting
 34047 | Vaults:2 | Received a gift from Okawaru
 34048 | Vaults:2 | Reached XP level 23. HP: 108/126 MP: 28/33
 34903 | Vaults:3 | Found a staircase to the Crypt.
 34903 | Vaults:3 | Found an ancient bone altar of Kikubaaqudgha.
 34904 | Vaults:3 | Found a basalt altar of Yredelemnul.
 35435 | Vaults:3 | Found a shimmering blue altar of Sif Muna.
 35439 | Vaults:3 | Found a transporter.
 35473 | Vaults:3 | Identified the +0 pair of boots of Happy Babbling {*Contam
                  | Regen+ Str+3 Slay+5} (You found it on level 3 of the
                  | Vaults)
 35525 | Vaults:3 | Received a gift from Okawaru
 35549 | Vaults:3 | Found a transporter.
 35567 | Vaults:3 | Identified the cursed +0 cloak of Lust {rPois Regen+ SInv}
                  | (You found it on level 3 of the Vaults)
 35691 | Vaults:3 | Found Pehidoe's Antique Armour Shoppe.
 36196 | Vaults:4 | Received a gift from Okawaru
 36253 | Vaults:4 | Identified the +7 battleaxe of Ravage {drain, +Rage rElec}
                  | (Okawaru gifted it to you on level 4 of the Vaults)
 36459 | Vaults:4 | Reached skill level 15 in Armour
 36999 | Vaults:4 | Received a gift from Okawaru
 37006 | Vaults:4 | Identified the +1 pair of gloves of the Enchanted Forest
                  | {+Inv Str+2 SInv} (Okawaru gifted it to you on level 4 of
                  | the Vaults)
 37092 | Vaults:4 | Reached XP level 24. HP: 133/133 MP: 33/33
 37348 | Vaults:5 | Entered Level 5 of the Vaults
 37519 | Vaults:5 | Received a gift from Okawaru
 37618 | Vaults:5 | Identified the +0 pair of boots of Fotod {-Tele rC+ Str+7}
                  | (You found it on level 5 of the Vaults)
 37651 | Vaults:5 | Found Nyitzogh's Distillery.
 37655 | Vaults:5 | Bought a potion of might for 80 gold pieces
 37663 | Vaults:5 | Found Tewa's Magic Scroll Shoppe.
 37664 | Vaults:5 | Found Azopp's Magic Scroll Boutique.
 37667 | Vaults:5 | Bought a scroll of enchant armour for 157 gold pieces
 37681 | Vaults:5 | Bought a scroll of summoning for 199 gold pieces
 37688 | Vaults:5 | Bought a scroll of magic mapping for 77 gold pieces
 37688 | Vaults:5 | Bought a scroll of summoning for 209 gold pieces
 37688 | Vaults:5 | Bought a scroll of magic mapping for 77 gold pieces
 37709 | Vaults:5 | Found Gitsuton's Distillery.
 37716 | Vaults:5 | Bought a potion of berserk rage for 75 gold pieces
 37716 | Vaults:5 | Bought a potion of resistance for 150 gold pieces
 37807 | Vaults:5 | Noticed Margery
 37816 | Vaults:5 | Killed Margery
 37820 | Vaults:5 | Noticed an ancient lich
 37826 | Vaults:5 | Received a gift from Okawaru
 37885 | Vaults:5 | Killed an ancient lich
 37887 | Vaults:5 | Identified the ring of Life {*Tele rElec rPois SInv Stlth-}
 38041 | Vaults:5 | Reached XP level 25. HP: 140/140 MP: 33/33
 38060 | Vaults:5 | Noticed Xtahua
 38082 | Vaults:5 | Killed Xtahua
 38292 | Vaults:5 | Identified the ring of Maqati {Will+ Slay+4}
 38524 | Vaults:5 | Got a silver rune of Zot
 38588 | Vaults:5 | Received a gift from Okawaru
 38656 | Vaults:5 | Found Moesamusk's Magic Scroll Boutique.
 38660 | Vaults:5 | Bought a scroll of blinking for 120 gold pieces
 38668 | Vaults:5 | Found Xoes Wubeet's Distillery.
 38672 | Vaults:5 | Bought a potion of haste for 220 gold pieces
 38679 | Vaults:5 | Found Okhlie's Magic Scroll Shop.
 39232 | Snake:3  | Bought a runed crystal plate armour for 3486 gold pieces
 39419 | Slime:1  | Entered Level 1 of the Pits of Slime
 39493 | Slime:2  | Gained mutation: You are frail. (-10% HP) [a shining eye]
 39499 | Slime:2  | Gained mutation: You are covered in fur. (AC +1) [a shining
                  | eye]
 39684 | Slime:5  | Entered Level 5 of the Pits of Slime
 39748 | Slime:5  | Found a viscous altar of Jiyva.
 39751 | Slime:5  | Noticed the Royal Jelly
 39765 | Slime:5  | Killed the Royal Jelly
 39788 | Slime:5  | Received a gift from Okawaru
 39834 | Slime:5  | Got a slimy rune of Zot
 39898 | Slime:5  | Gained mutation: Your spells are a little easier to cast,
                  | but a little less powerful. [a shining eye]
 40271 | Depths:1 | Entered Level 1 of the Depths
 40295 | Depths:1 | Found a gateway to Hell.
 40435 | Depths:1 | Reached XP level 26. HP: 135/135 MP: 33/33
 40633 | Depths:1 | Found a one-way gate to the infinite horrors of the Abyss.
 41225 | Depths:2 | Found Lobla's Distillery.
 41227 | Depths:2 | Bought a potion of berserk rage for 100 gold pieces
 41227 | Depths:2 | Bought a potion of resistance for 200 gold pieces
 41389 | Depths:2 | Identified the +6 battleaxe of Disgust {venom, rElec Will+
                  | Dex-5} (You found it on level 2 of the Depths)
 41398 | Depths:2 | You fall into a shaft and drop 2 floors!
 41459 | Depths:2 | You fall into a shaft and drop 1 floor!
 41582 | Depths:2 | Noticed a juggernaut
 41596 | Depths:2 | Killed a juggernaut
 42118 | Depths:3 | Received a gift from Okawaru
 42155 | Depths:3 | Found a gateway to a ziggurat.
 42235 | Depths:3 | Paralysed by a floating eye for 3 turns
 42274 | Depths:3 | Found a one-way gate leading to the halls of Pandemonium.
 42780 | Depths:3 | Received a gift from Okawaru
 42790 | Depths:3 | Identified the +0 pair of boots "Eckaije" {rF+ Dex+5}
                  | (Okawaru gifted it to you on level 3 of the Depths)
 43352 | Depths:4 | Reached XP level 27. HP: 138/142 MP: 34/34
 43756 | Depths:5 | Entered Level 5 of the Depths
 43764 | Depths:5 | Noticed a juggernaut
 43791 | Depths:5 | Killed a juggernaut
 43843 | Depths:5 | Found Tetuc's General Store.
 43892 | Depths:5 | Received a gift from Okawaru
 44565 | Depths:5 | Found a gate to the Realm of Zot.
 44588 | Depths:5 | Reached skill level 15 in Invocations
 44623 | Zot:1    | Entered Level 1 of the Realm of Zot
 44971 | Temple   | Fell from the grace of Okawaru
 44971 | Temple   | Became a worshipper of the Shining One
 45186 | Crypt:1  | Entered Level 1 of the Crypt
 45236 | Crypt:1  | Reached * piety under the Shining One
 45333 | Crypt:1  | Found a transporter.
 45444 | Crypt:1  | Reached ** piety under the Shining One
 45584 | Crypt:1  | Reached *** piety under the Shining One
 45645 | Crypt:1  | Found a transporter.
 45848 | Crypt:1  | Noticed an ancient lich
 45848 | Crypt:1  | Reached **** piety under the Shining One
 45855 | Crypt:1  | Killed an ancient lich
 45874 | Crypt:1  | Gained mutation: You are surrounded by a mild repulsion
                  | field. (EV +2) [a cacodemon]
 45875 | Crypt:1  | Gained mutation: Armour fits poorly on your strangely
                  | shaped body. [a cacodemon]
 45877 | Crypt:1  | Gained mutation: You are clumsy. (Dex -2) [a cacodemon]
 45911 | Crypt:1  | Got a sparkling emerald amulet
 45933 | Crypt:1  | Got a sparkling silver ring
 45934 | Crypt:1  | Identified the amulet of Aharei Sefot {RegenMP +Blink} (You
                  | found it on level 1 of the Crypt)
 45935 | Crypt:1  | Identified the ring of Werch {rPois Will+} (You found it on
                  | level 1 of the Crypt)
 45946 | Crypt:1  | Got a scintillating golden ring
 45947 | Crypt:1  | Identified the ring of the Shouting Genius {rF- rC+ Will+
                  | Int-2 Dex+6} (You found it on level 1 of the Crypt)
 45988 | Crypt:2  | Reached ***** piety under the Shining One
 46117 | Crypt:2  | Noticed Frederick
 46122 | Crypt:2  | Killed Frederick
 46178 | Crypt:2  | Noticed Sojobo
 46185 | Crypt:2  | Reached ****** piety under the Shining One
 46207 | Crypt:2  | Killed Sojobo
 46525 | Crypt:2  | Lost mutation: You are frail. (-10% HP) [potion of
                  | mutation]
 46525 | Crypt:2  | Lost mutation: You are surrounded by a mild repulsion
                  | field. (EV +2) [potion of mutation]
 46525 | Crypt:2  | Lost mutation: Your spells are a little easier to cast, but
                  | a little less powerful. [potion of mutation]
 46525 | Crypt:2  | Lost mutation: You are covered in fur. (AC +1) [potion of
                  | mutation]
 46525 | Crypt:2  | Gained mutation: You tend to lose your temper in combat.
                  | [potion of mutation]
 46525 | Crypt:2  | Gained mutation: Your flesh is heat resistant. (rF+)
                  | [potion of mutation]
 46526 | Crypt:2  | Lost mutation: You tend to lose your temper in combat.
                  | [potion of mutation]
 46526 | Crypt:2  | Lost mutation: You are clumsy. (Dex -2) [potion of
                  | mutation]
 46526 | Crypt:2  | Gained mutation: You are partially covered in thin metallic
                  | scales. (AC +2) [potion of mutation]
 46526 | Crypt:2  | Gained mutation: You are weak. (Str -2) [potion of
                  | mutation]
 46526 | Crypt:2  | Gained mutation: You possess an exceptional clarity of
                  | mind. [potion of mutation]
 46656 | Crypt:2  | Identified a +9 executioner's axe of holy wrath (a +9
                  | executioner's axe of freezing blessed by the Shining One)
 46656 | Crypt:2  | Received a gift from the Shining One
 46766 | Crypt:3  | Entered Level 3 of the Crypt
 46800 | Crypt:3  | Found a staircase to the Tomb.
 47073 | Crypt:3  | Found an ancient bone altar of Kikubaaqudgha.
 47077 | Crypt:3  | Found a basalt altar of Yredelemnul.
 47136 | Crypt:3  | Found the +2 Maxwell's thermic engine {flame, freeze}
 47164 | Crypt:3  | Got a bound brass ring
 47165 | Crypt:3  | Identified the ring of Light {rElec rF+} (You found it on
                  | level 3 of the Crypt)
 47168 | Crypt:3  | Got a shimmering amber ring
 47169 | Crypt:3  | Identified the ring "Ibboik" {rPois rF- rN+ Will+ Int+7}
                  | (You found it on level 3 of the Crypt)
 47308 | Tomb:1   | Entered Level 1 of the Tomb of the Ancients
 47832 | Depths:1 | Voluntarily entered the Abyss.
 48159 | Abyss:2  | Gained mutation: You are frail. (-10% HP) [a neqoxec]
 48225 | Abyss:3  | Found a corrupted altar of Lugonu.
 48275 | Abyss:3  | Got an abyssal rune of Zot
 48285 | Depths:1 | Escaped the Abyss
 48321 | Hell     | Entered the Vestibule of Hell
 48321 | Hell     | Noticed Geryon
 48344 | Hell     | Killed Geryon
 48401 | Hell     | Reached skill level 10 in Evocations
 48419 | Hell     | Found a gateway to the ashen valley of Gehenna.
 48437 | Geh:1    | Entered Level 1 of Gehenna
 48618 | D:13     | Identified the ring of Kiorewis {rC- rN+ SInv Stlth+} (You
                  | found it on level 3 of the Crypt)
 48628 | D:13     | You paid a toll of 5 potions of resistance to enter a
                  | treasure trove
 48629 | Trove    | Entered a treasure trove
 48643 | Trove    | Got a wavering lapis lazuli ring
 48646 | Trove    | Got a flickering pewter ring
 48647 | Trove    | Identified the ring "Cyxaj" {rElec Will+ Str+6 Dex+4
                  | Stlth-} (You found it in a treasure trove)
 48648 | Trove    | Identified the ring "Qozumit" {rN+ EV+4 Str+4 Stlth+} (You
                  | found it in a treasure trove)
 48659 | Trove    | Identified the amulet of Suqiudid {rC+ Regen+ Slay+3} (You
                  | found it in a treasure trove)
 49122 | Geh:4    | Upgraded the game from 0.26.0-10-g1f06aea511 to
                  | 0.26.0-11-g8f856b5395
 49246 | Geh:4    | You fall into a shaft and drop 2 floors!
 49312 | Geh:7    | Entered Level 7 of Gehenna
 49535 | Geh:7    | Identified the +6 flail "Lalluesipo" {freeze, +Inv rF++
                  | Will- Stlth+}
 49592 | Geh:7    | Identified the +7 sceptre of Asmodeus
 49592 | Geh:7    | Noticed Asmodeus
 49616 | Geh:7    | Killed Asmodeus
 49627 | Geh:7    | Got an obsidian rune of Zot
 49840 | Hell     | Found a gateway to the Iron City of Dis.
 49869 | Dis:1    | Entered Level 1 of the Iron City of Dis
 49946 | Hell     | Found a gateway to the freezing wastes of Cocytus.
 49970 | Coc:1    | Entered Level 1 of Cocytus
 50262 | Coc:3    | Found a huge runed gate.
 50262 | Coc:3    | Found a huge runed gate.
 50262 | Coc:3    | Found a huge runed gate.
 50262 | Coc:3    | Found a huge runed gate.
 50262 | Coc:3    | Found a huge runed gate.
 50262 | Coc:3    | Found a huge runed gate.
 50262 | Coc:3    | Found a huge runed gate.
 50262 | Coc:3    | Found a huge runed gate.
 50262 | Coc:3    | Found a huge runed gate.
 50262 | Coc:3    | Found a huge runed gate.
 50280 | Coc:3    | Noticed an ancient lich
 50280 | Coc:3    | Noticed an ancient lich
 50280 | Coc:3    | Noticed an ancient lich
 50285 | Coc:3    | Killed an ancient lich
 50286 | Coc:3    | Killed an ancient lich
 50287 | Coc:3    | Killed an ancient lich
 50310 | Coc:4    | You fall into a shaft and drop 2 floors!
 50352 | Coc:7    | Entered Level 7 of Cocytus
 50599 | Coc:7    | Identified the ring of Laga {rElec rPois}
 50599 | Coc:7    | Noticed Antaeus
 50634 | Coc:7    | Killed Antaeus
 50716 | Coc:7    | Found the +7 pair of quick blades "Gyre" and "Gimble"
                  | {protect}
 50732 | Coc:7    | Got an icy rune of Zot
 50893 | Hell     | Found a gateway to the decaying netherworld of Tartarus.
 50906 | Tar:1    | Entered Level 1 of Tartarus
 51926 | Tar:7    | Entered Level 7 of Tartarus
 52249 | Tar:7    | Noticed Ereshkigal
 52282 | Tar:7    | Killed Ereshkigal
 52322 | Tar:7    | Found the +6 shillelagh "Devastator" {shatter}
 52323 | Tar:7    | Got a bone rune of Zot
 53017 | Dis:7    | Entered Level 7 of the Iron City of Dis
 53389 | Dis:7    | Identified the +4 staff of Dispater
 53389 | Dis:7    | Noticed Dispater
 53405 | Dis:7    | Killed Dispater
 53422 | Dis:7    | Got an iron rune of Zot
 53531 | Pan      | Entered Pandemonium
 53536 | Pan      | Noticed Iggeotij the pandemonium lord
 53547 | Pan      | Killed Iggeotij the pandemonium lord
 53556 | Pan      | Identified Iqenuabb's Compendium of Venom and Orientation
 53654 | Pan      | Noticed Qatemuk the pandemonium lord
 53682 | Pan      | Killed Qatemuk the pandemonium lord
 53684 | Pan      | Gained mutation: You are surrounded by a mild repulsion
                  | field. (EV +2) [a cacodemon]
 53719 | Pan      | Found a runed translucent door.
 53729 | Pan      | Got a demonic rune of Zot
 53837 | Pan      | Found a huge runed translucent gate.
 53837 | Pan      | Found a huge runed translucent gate.
 53837 | Pan      | Found a huge runed translucent gate.
 53837 | Pan      | Found a huge runed translucent gate.
 53837 | Pan      | Found a huge runed translucent gate.
 53855 | Pan      | Entered the realm of Lom Lobon.
 53978 | Pan      | Identified the +8 tower shield of the Cooper {rC- Str+6}
 53987 | Pan      | Noticed Lom Lobon
 54000 | Pan      | Killed Lom Lobon
 54005 | Pan      | Got a magical rune of Zot
 54095 | Pan      | Gained mutation: Your body sometimes deteriorates upon
                  | taking damage. [a neqoxec]
 54193 | Pan      | Was forgiven by Okawaru
 54218 | Pan      | Noticed Lesai the pandemonium lord
 54276 | Depths:3 | Escaped Pandemonium
 54278 | Pan      | Entered Pandemonium
 54424 | Pan      | Gained mutation: You are dopey. (Int -2) [a cacodemon]
 54550 | Pan      | Found an exit through the horrors of the Abyss.
 54605 | Pan      | Found a glowing silver altar of Zin.
 54868 | Pan      | Entered the realm of Gloorx Vloq.
 54887 | Pan      | Noticed Mennas
 54906 | Pan      | Killed Mennas
 54972 | Pan      | Noticed Gloorx Vloq
 54980 | Pan      | Killed Gloorx Vloq
 55005 | Pan      | Got a dark rune of Zot
 55035 | Pan      | Found an exit through the horrors of the Abyss.
 55187 | Pan      | Noticed Puiwkina the pandemonium lord
 55193 | Pan      | Killed Puiwkina the pandemonium lord
 55220 | Pan      | Entered the realm of Cerebov.
 55337 | Pan      | Identified the +6 sword of Cerebov {flame}
 55337 | Pan      | Noticed Cerebov
 55355 | Pan      | Killed Cerebov
 55403 | Pan      | Got a fiery rune of Zot
 55435 | Pan      | Entered the realm of Mnoleg.
 55539 | Pan      | Gained mutation: You are clumsy. (Dex -2) [a neqoxec]
 55571 | Pan      | Gained mutation: You are very weak. (Str -4) [a neqoxec]
 55590 | Pan      | Noticed Mnoleg
 55605 | Pan      | Lost mutation: You are very weak. (Str -4) [a cacodemon]
 55626 | Pan      | Killed Mnoleg
 55642 | Pan      | Got a glowing rune of Zot
 55649 | Pan      | Gained mutation: Your body often deteriorates upon taking
                  | damage. [a neqoxec]
 55758 | Pan      | Found an exit through the horrors of the Abyss.
 55767 | Pan      | Took an exit into the Abyss.
 55767 | Abyss:1  | Escaped into the Abyss
 55786 | Depths:3 | Escaped the Abyss
 56054 | Tomb:1   | Lost mutation: You are frail. (-10% HP) [potion of
                  | mutation]
 56054 | Tomb:1   | Lost mutation: You possess an exceptional clarity of mind.
                  | [potion of mutation]
 56054 | Tomb:1   | Lost mutation: You are dopey. (Int -2) [potion of mutation]
 56054 | Tomb:1   | Lost mutation: You are weak. (Str -2) [potion of mutation]
 56054 | Tomb:1   | Gained mutation: Scrolls take you a little longer to read.
                  | [potion of mutation]
 56054 | Tomb:1   | Gained mutation: You can translocate small distances at
                  | will. [potion of mutation]
 56055 | Tomb:1   | Lost mutation: Scrolls take you a little longer to read.
                  | [potion of mutation]
 56055 | Tomb:1   | Lost mutation: You are clumsy. (Dex -2) [potion of
                  | mutation]
 56055 | Tomb:1   | Gained mutation: You expend magic power (3 MP) to
                  | strengthen your wands. [potion of mutation]
 56055 | Tomb:1   | Gained mutation: Your flesh is cold resistant. (rC+)
                  | [potion of mutation]
 56055 | Tomb:1   | Gained mutation: You have a pair of small horns on your
                  | head. [potion of mutation]
 56449 | Tomb:1   | Noticed a royal mummy
 56457 | Tomb:1   | Noticed a royal mummy
 56466 | Tomb:1   | Killed a royal mummy
 56467 | Tomb:1   | Reached skill level 27 in Invocations
 56471 | Tomb:1   | Noticed a royal mummy
 56476 | Tomb:1   | Killed a royal mummy
 56487 | Tomb:1   | Killed a royal mummy
 56708 | Tomb:2   | Noticed a royal mummy
 56711 | Tomb:2   | Noticed a royal mummy
 56712 | Tomb:2   | Noticed a royal mummy
 56714 | Tomb:2   | Noticed a royal mummy
 56717 | Tomb:2   | Gained mutation: You tend to lose your temper in combat. [a
                  | neqoxec]
 56722 | Tomb:2   | Killed a royal mummy
 56723 | Tomb:2   | Killed a royal mummy
 56723 | Tomb:2   | Killed a royal mummy
 56724 | Tomb:2   | Killed a royal mummy
 56938 | Tomb:2   | Lost mutation: Armour fits poorly on your strangely shaped
                  | body. [potion of mutation]
 56938 | Tomb:2   | Lost mutation: You tend to lose your temper in combat.
                  | [potion of mutation]
 56938 | Tomb:2   | Lost mutation: You expend magic power (3 MP) to strengthen
                  | your wands. [potion of mutation]
 56938 | Tomb:2   | Lost mutation: You can translocate small distances at will.
                  | [potion of mutation]
 56938 | Tomb:2   | Gained mutation: You are occasionally teleported next to
                  | monsters. [potion of mutation]
 56938 | Tomb:2   | Gained mutation: You are partially covered in slimy green
                  | scales. (AC +2) [potion of mutation]
 56940 | Tomb:1   | Noticed a royal mummy
 56944 | Tomb:1   | Killed a royal mummy
 56981 | Tomb:1   | Noticed a royal mummy
 56982 | Tomb:1   | Noticed a royal mummy
 56988 | Tomb:1   | Noticed a royal mummy
 56989 | Tomb:1   | Killed a royal mummy
 56990 | Tomb:1   | Noticed a royal mummy
 56993 | Tomb:1   | Killed a royal mummy
 56999 | Tomb:1   | Killed a royal mummy
 57002 | Tomb:1   | Killed a royal mummy
 57018 | Tomb:1   | Noticed a royal mummy
 57025 | Tomb:1   | Killed a royal mummy
 57026 | Tomb:1   | Noticed a royal mummy
 57033 | Tomb:1   | Killed a royal mummy
 57056 | Tomb:1   | Noticed a royal mummy
 57066 | Tomb:1   | Killed a royal mummy
 57068 | Tomb:1   | Noticed a royal mummy
 57072 | Tomb:1   | Noticed a royal mummy
 57076 | Tomb:1   | Killed a royal mummy
 57088 | Tomb:1   | Killed a royal mummy
 57098 | Tomb:1   | Noticed a royal mummy
 57102 | Tomb:1   | Noticed a royal mummy
 57107 | Tomb:1   | Killed a royal mummy
 57108 | Tomb:1   | Noticed a royal mummy
 57112 | Tomb:1   | Killed a royal mummy
 57114 | Tomb:1   | Noticed a royal mummy
 57116 | Tomb:1   | Killed a royal mummy
 57127 | Tomb:1   | Killed a royal mummy
 57161 | Tomb:1   | Noticed a royal mummy
 57163 | Tomb:1   | Noticed a royal mummy
 57171 | Tomb:1   | Killed a royal mummy
 57175 | Tomb:1   | Killed a royal mummy
 57215 | Tomb:2   | Reached skill level 27 in Fighting
 57269 | Tomb:3   | Entered Level 3 of the Tomb of the Ancients
 57343 | Tomb:3   | Noticed a royal mummy
 57347 | Tomb:3   | Noticed a royal mummy
 57353 | Tomb:3   | Noticed a royal mummy
 57353 | Tomb:3   | Noticed a royal mummy
 57353 | Tomb:3   | Noticed a royal mummy
 57353 | Tomb:3   | Noticed a royal mummy
 57353 | Tomb:3   | Noticed a royal mummy
 57527 | Tomb:3   | Killed a royal mummy
 57530 | Tomb:3   | Killed a royal mummy
 57602 | Tomb:3   | Noticed a royal mummy
 57603 | Tomb:3   | Noticed a royal mummy
 57608 | Tomb:3   | Killed from afar by a royal mummy

Illustrated notes

Levels and vault maps discovered:
D:1:      kb_arrival_jail, layout_loops_corners
D:2:      layout_basic, uniq_sigmund
D:3:      layout_rooms, amcnicky_mini_corridor_feature,
          kennysheep_generic_room_11
D:4:      layout_basic, uniq_blork_the_orc
D:5:      layout_loops_ring, minmay_gold_behind_fungi
D:6:      layout_cave_pools, kennysheep_generic_room_5
D:7:      minmay_chambers_of_fours, layout_rooms,
          minmay_temple_entry_drinking_statues, kennysheep_generic_room_8
D:8:      layout_basic, gammafunk_temple_overflow_elements, minmay_diced_spiral,
          uniq_pikel
D:9:      layout_basic, grunt_lair_entry_orc_guard_hut, elyvilon_altar_3,
          uniq_erica
D:10:     minmay_the_grid_3x2 [minmay_the_grid_armoury, minmay_the_grid_slots,
          minmay_the_grid_stretched_grid, minmay_the_grid_embedded,
          minmay_the_grid_spikes, minmay_the_grid_prize_shrinking_boxes],
          layout_stronghold, uniq_psyche
D:11:     layout_rooms, serial_shops, nicolae_shop_crystal, xom_shifter_show,
          uniq_nergalle
D:12:     cheibrodos_body_horror, layout_stronghold, gammafunk_ghost_split,
          serial_shops, kennysheep_mini, portal_ice_cave_entry_ice_beasts,
          nicolae_gozag_cash_rules_everything_around_me
D:13:     layout_loops_corners, trove_entry_hex_spiral, drop_trap
D:14:     layout_roguey, david_vaults_3, lemuel_crystal_altar, uniq_nessos,
          uniq_rupert
D:15:     grunt_enter_depths_giant_problem, layout_basic,
          gammafunk_ghost_hydra_chop, skrybe_limestone_x,
          lemuel_mausoleum_altar_kikubaaqudgha
Temple:   regret_index_temple_chain_breaker
Lair:1:   layout_gridlike, serial_bayou_shore_a, grunt_megastairs_4
Lair:2:   nzn_winding_woodlands_small
          [nzn_winding_woodlands_5x15_pathside_ponds,
          nzn_winding_woodlands_center_pierced_h,
          nzn_winding_woodlands_5x15_pool], layout_chaotic_city,
          nicolae_swamp_entry_splash_gauntlet, guppyfry_snake_entry_island
Lair:3:   layout_gridlike
Lair:4:   cheibrodos_lair_overgrown_chateau, layout_loops_ring,
          beast_lair_carwin_6
Lair:5:   gammafunk_boulding_lane, layout_concentric_octagons,
          lemuel_fruit_fields, grunt_megastairs_5
Lair:6:   minmay_lair_end_enchanted_forest, layout_hall_layers, slime_altar_2,
          basic_altar, gammafunk_ghost_split
Swamp:1:  layout_falls_marsh, evilmike_swamp_ruin_rubble_1, swamp_pool2,
          nicolae_swamp_hydra_murder_den, uniq_nikola
Swamp:2:  layout_falls_marsh, evilmike_swamp_ruin_rubble_2, swamp_pool5,
          grunt_ruined_hall
Swamp:3:  layout_basic_swamp, nicolae_swamp_very_dense_foliage, swamp_pool5
Swamp:4:  swamp_vile, layout_basic_swamp
Snake:1:  layout_misc_corridors, special_room, uniq_aizul
Snake:2:  layout_onion, uniq_donald
Snake:3:  layout_rooms, serial_shops, nicolae_shop_crystal
Snake:4:  minmay_snake_end_coiled, layout_layer_cave
Slime:1:  layout_caves, cheibrodos_slime_lost_civilization_6
Slime:2:  layout_caves
Slime:3:  nicolae_slime_jelly_donut, layout_caves
Slime:4:  layout_caves
Slime:5
Orc:1:    layout_caves, serial_shops, shop, minmay_orc_temple_a
Orc:2:    grunt_orc_gardens, layout_caves, grunt_orc_garden, grunt_orc_garden,
          grunt_orc_garden, grunt_orc_garden, ebering_ghost_rock_garden,
          elves_outpost_lemuel
Elf:1:    eino_elf_arrival_sip, layout_geoelf_diagonals, serial_shops, shop,
          gammafunk_ghost_arena, minmay_elf_sorcery
Elf:2:    layout_geoelf_diagonals, solitary_fountain, uniq_asterion
Elf:3:    minmay_elf_hall_curves, layout_geoelf_octagon,
          ebering_ghost_inner_flame, st_stairs_11
Vaults:1: hangedman_vaults_maws, v_misc_18, ontoclasm_vaults_pinch,
          vaults_room_pool, nicolae_vaults_network_barrier,
          nicolae_vaults_quartermaster, layout_vaults_chaotic_city
Vaults:2: nicolae_vaults_little_squares_1, v_alt_pattern_2,
          ontoclasm_vaults_ring_large, grunt_vaults_hallway_short,
          hangedman_vaults_locks, vaults_dpeg_hooks, vaults_mumra_chevron,
          hangedman_vaults_maws, nicolae_vaults_ring_of_whatevers,
          grunt_vaults_hallway_long, dpeg_vaults_monster_box, layout_vaults_ring
Vaults:3: nicolae_vaults_little_squares_1, nicolae_vaults_little_squares_3,
          gammafunk_sealed_library, hangedman_vaults_nails,
          minmay_crypt_entry_necro_gods, nicolae_vaults_mini_display_case,
          vaults_dpeg_cross, vaults_mumra_lcd, nicolae_vaults_shelves_hall,
          hangedman_vaults_impose, nicolae_vaults_little_squares_2,
          nicolae_vaults_little_squares_5, nicolae_vaults_ring_of_whatevers,
          vaults_dpeg_diagonal, layout_vaults_omnibox, serial_shops, shop
Vaults:4: vaults_dpeg_spiral, v_misc_29, nicolae_vaults_arrows,
          hangedman_vaults_trim, nicolae_vaults_network_periphery,
          ontoclasm_vaults_fault, v_misc_9, nicolae_vaults_murderbox,
          nicolae_vaults_ring_of_whatevers, ontoclasm_vaults_shuriken,
          nicolae_vaults_hallways_thing, grunt_vaults_swirl,
          ontoclasm_vaults_hangar, ontoclasm_vaults_gateway,
          layout_vaults_omnicross
Vaults:5: uniq_xtahua, uniq_margery
Crypt:1:  gammafunk_dig_for_victory, layout_gridlike
Crypt:2:  layout_misc_corridors, uniq_sojobo, uniq_frederick
Crypt:3:  lightli_unholy_cathedral, layout_chaotic_city,
          tomb_entry_forgotten_bobbens, minmay_misc_feat_five
Tomb:1
Tomb:2
Tomb:3
Depths:1: layout_gridlike, abyss_entry_small_statue_room,
          pf_hell_entry_tar_river, chequers_serial_rivers_room_b, drop_trap,
          hangedman_abyss_or_decor_clamps, minmay_misc_feat_enclosed,
          kennysheep_four_rooms
Depths:2: minmay_strange_plus, layout_gridlike, serial_shops, shop,
          nrook_pool_corridor, hell_entry
Depths:3: minmay_slanted_spiral_squares, layout_gridville, enter_ziggurat_b,
          pan_entry, hell_entry, chequers_jeans, minmay_multi_spiral
Depths:4: minmay_haunted_quarter, layout_cave_pools, abyss_entry, hell_entry,
          minmay_misc_feat_encased, infiniplex_staircase_squiggle
Depths:5: lemuel_castle_with_subvaults [lemuel_castle_interior_carwin_1],
          layout_cave_shapes, hell_entry, serial_shops, shop,
          chequers_serial_rivers_micro_e, serial_bayou_shore_b
Hell
Dis:1:    layout_chaotic_city
Dis:2:    layout_subdivisions
Dis:3:    layout_overlapping_boxes
Dis:4:    layout_chaotic_city
Dis:5:    layout_regular_city, grunt_megastairs_2
Dis:6:    layout_gridville
Dis:7:    iron_city_of_dis [dis_grunt, dis_wall_5], layout_chaotic_city
Geh:1:    layout_gehenna_pools_basic
Geh:2:    layout_gehenna_lava_caves
Geh:3:    layout_gehenna_lava_caves
Geh:4:    layout_gehenna_lava_caves
Geh:6:    layout_gehenna_pools_basic, gehenna_fire_generator
Geh:7:    geh_grunt
Coc:1:    layout_ice_bergs
Coc:2:    layout_cocytus_delve, grunt_cocytus_stairs_refrigerator
Coc:3:    layout_ice_bergs, door_vault
Coc:4:    layout_cocytus_water_paths
Coc:6:    layout_cocytus_water_paths
Coc:7:    coc_hangedman
Tar:1:    layout_catacombs, grunt_megastairs_3
Tar:2:    layout_cathedral_of_symmetry
Tar:3:    layout_catacombs
Tar:4:    layout_cathedral_of_symmetry, nicolae_tar_cuneiform_heaven,
          hangedman_snap_crack_crunch
Tar:5:    layout_grid_maze
Tar:6:    layout_catacombs
Tar:7:    tar_minmay_river
Zot:1:    layout_gridville

Skill      XL: |  1  2  3  4  5  6  7  8  9 10 11 12 13 14 15 16 17 18 19 20 21 22 23 24 25 26 27 |
---------------+----------------------------------------------------------------------------------+-----
Axes           | 3 5 7 8 10 12 14 16 17 18 19 20 21 22 23 24 25 26 | 26.0
Armour         | 1 2 3 4 6 7 8 9 10 11 12 13 15 17 18 19 25 | 25.5
Fighting       | 3 5 7 8 10 11 12 13 14 15 16 17 19 20 27 | 27.0
Invocations    | 2 5 7 9 10 11 12 14 27 | 27.0
Dodging        | 3 4 6 7 8 |  8.0
Evocations     | 3 5 6 12 | 12.0
Throwing       | 2 |  2.0

Action                   |  1- 3 |  4- 6 |  7- 9 | 10-12 | 13-15 | 16-18 | 19-21 | 22-24 | 25-27 || total
-------------------------+-------+-------+-------+-------+-------+-------+-------+-------+-------++-------
Melee: War axe           |    59 |    85 |   115 |       |       |       |       |       |       ||   259
       Bite              |    14 |    27 |    88 |   175 |   348 |   325 |   506 |   600 |  2262 ||  4345
       Battleaxe         |       |       |   111 |       |       |       |       |       |       ||   111
       Dire flail        |       |       |    55 |   453 |    74 |     2 |    60 |       |       ||   644
       Executioner's axe |       |       |       |    47 |   695 |   635 |   989 |  1036 |  4075 ||  7477
       Headbutt          |       |       |       |       |       |       |       |       |    89 ||    89
Throw: Throwing net      |       |       |       |       |       |       |       |       |     8 ||     8
Invok: Heroism           |       |       |     1 |    11 |    14 |     6 |     9 |     5 |    11 ||    57
       Finesse           |       |       |       |     1 |     4 |     5 |     6 |     2 |     3 ||    21
       Summon Divine War |       |       |       |       |       |       |       |       |    26 ||    26
       Cleansing Flame   |       |       |       |       |       |       |       |       |    21 ||    21
       Divine Shield     |       |       |       |       |       |       |       |       |    19 ||    19
       Brand Weapon With |       |       |       |       |       |       |       |       |     1 ||     1
 Abil: Evoke Flight      |       |       |       |       |       |       |       |       |    15 ||    15
Evoke: Wand              |       |       |       |       |       |     1 |       |       |     6 ||     7
       Condenser vane    |       |       |       |       |       |       |     1 |       |       ||     1
  Use: Scroll            |       |       |       |    24 |    14 |     7 |    15 |    12 |    60 ||   132
       Potion            |       |       |       |     1 |       |     1 |     1 |       |    27 ||    30
 Stab: Sleeping          |     2 |     2 |     1 |     3 |     1 |       |       |       |       ||     9
       Distracted        |       |     1 |       |       |     1 |       |       |     1 |       ||     3
       Petrified         |       |       |       |       |       |     1 |       |       |       ||     1
       Confused          |       |       |       |       |       |       |     6 |       |       ||     6
       Held in net/web   |       |       |       |       |       |       |       |       |     6 ||     6
Armor: Leather armour    |    17 |    15 |       |       |       |       |       |       |       ||    32
       Ring mail         |       |    10 |    79 |   188 |    32 |       |       |       |       ||   309
       Scale mail        |       |     5 |    43 |       |   101 |       |       |       |       ||   149
       Plate armour      |       |       |       |       |   178 |   259 |   521 |   350 |    37 ||  1345
       Crystal plate arm |       |       |       |       |       |       |       |       |   435 ||   435
       Gold dragon scale |       |       |       |       |       |       |       |       |  1588 ||  1588
Dodge: Dodged            |    52 |    54 |   186 |   263 |   381 |   334 |   686 |   738 |  2287 ||  4981
       Repelled          |       |       |       |       |       |     9 |    43 |     7 |       ||    59
Block: Other             |       |       |       |       |       |       |       |       |   382 ||   382
